 Seeded DCSS version 0.30.1-11-g7821555f0a (webtiles) character file.

Game seed: 5 (custom seed)

259 Kazon the Chopper (level 6, -4/53 HPs)
             Began as a Hill Orc Monk on Nov 1, 2023.
             Was a Believer of Beogh.
             Slain by a black bear (6 damage)
             ... on level 4 of the Dungeon.
             The game lasted 00:11:08 (2487 turns).

Kazon the Chopper (Hill Orc Monk)                   Turns: 2487, Time: 00:11:09

Health: -4/53      AC: 14    Str: 16    XL:     6   Next: 17%
Magic:  15/15      EV:  1    Int: 10    God:    Beogh [**....]
Gold:   175        SH: 13    Dex: 19    Spells: 5/5 levels left

rFire   . . .        f - +0 hand axe (flame)
rCold   . . .        c - +0 tower shield
rNeg    . . .        o - +3 plate armour of Trial and Error {+Blink Regen+}
rPois   .            n - +0 helmet
rElec   .            (no cloak)
rCorr   .            (no gloves)
SInv    .            (no boots)
Will    .....        (no amulet) Stlth
                     u - ring of magical power
HPRegen 1.08/turn    y - +6 ring of dexterity
MPRegen 0.14/turn

%: no passive effects
@: no status effects
A: no striking features
a: Renounce Religion, Evoke Blink, Smiting


You were on level 4 of the Dungeon.
You worshipped Beogh.
Beogh was pleased with you.
You visited 1 branch of the dungeon, and saw 6 of its levels.

You collected 175 gold pieces.

Inventory:

Hand Weapons
 a - a +0 hand axe
 e - a +2 vampiric dagger
 f - a +0 hand axe of flaming (weapon)
Missiles
 k - 3 boomerangs
 s - 5 poisoned darts (quivered)
 B - 3 stones
Armour
 b - a +0 robe
 c - a +0 tower shield (worn)
 d - an orb of light
 n - a +0 helmet (worn)
 o - the +3 plate armour of Trial and Error (worn) {+Blink Regen+}
   (You acquired it on level 1 of the Dungeon)

   +Blink:    It lets you blink.
   Regen:     It increases your rate of health regeneration.
Jewellery
 u - a ring of magical power (left hand)
 y - a +6 ring of dexterity (right hand)
Wands
 C - a wand of paralysis (4)
Scrolls
 g - a scroll of fog {unknown}
 m - 2 scrolls of identify {unknown}
 p - a scroll of blinking {unknown}
 q - 2 scrolls of magic mapping {unknown}
 r - a scroll of summoning {unknown}
 t - 2 scrolls of teleportation {unknown}
 A - a scroll of torment {unknown}
 D - a scroll of amnesia {unknown}
Potions
 h - a potion of magic {unknown}
 i - a potion of resistance {unknown}
 j - a potion of ambrosia
 l - 3 potions of curing {unknown}
 v - 3 potions of flight {unknown}
 w - a potion of berserk rage {unknown}
 x - a potion of invisibility {unknown}
 z - 2 potions of heal wounds {unknown}


   Skills:
 + Level 4.6 Fighting
 + Level 6.5 Axes
 + Level 0.2 Throwing
 + Level 1.5 Armour
 + Level 2.7 Dodging
 + Level 0.1 Stealth
 + Level 2.1 Shields
 * Level 1.1 Invocations
 * Level 0.8 Evocations


You had 5 spell levels left.
You didn't know any spells.
Your spell library contained the following spells:

 Spells                   Type           Power      Damage    Failure   Level
 Frozen Ramparts          Ice            0%         1d1       100%        3
 Ice Form                 Ice/Tmut       0%         N/A       100%        4
 Summon Ice Beast         Ice/Summ       0%         N/A       100%        4


Dungeon Overview and Level Annotations

Branches:
Dungeon (6/15)             Temple (0/1) D:4

Altars:
Dithmenos
Fedhas
Hepliaklqana
Qazlal


Message History

The black bear bites you but does no damage.
The black bear claws you but does no damage. x2
Aiming: Paralyse
Press: ? - help, Shift-Dir - straight line, f - black bear
Aim: a black bear (almost dead, berserk, chance to affect: 50%)
The black bear resists with some effort.
The black bear bites you but does no damage.
The black bear claws you but does no damage.
You block the black bear's attack. The black bear bites you.
* * * LOW HITPOINT WARNING * * *
You block the black bear's attack.
The black bear claws you but does no damage.
Aiming: Paralyse
Press: ? - help, Shift-Dir - straight line, f/p - black bear
Aim: a black bear (almost dead, berserk, chance to affect: 50%)
The black bear resists with some effort.
You block the black bear's attack. x2
The black bear claws you but does no damage.
Aiming: Paralyse
Press: ? - help, Shift-Dir - straight line, f/p - black bear
Aim: a black bear (almost dead, berserk, chance to affect: 50%)
The black bear resists with some effort.
You block the black bear's attack. x2
The black bear claws you but does no damage.
The black bear bites you but does no damage.
The black bear claws you but does no damage.
You block the black bear's attack.
Aiming: Paralyse
Press: ? - help, Shift-Dir - straight line, f/p - black bear
Aim: a black bear (almost dead, berserk, chance to affect: 50%)
The black bear resists with some effort.
The black bear bites you but does no damage.
You block the black bear's attack.
The black bear claws you but does no damage.
You hit the black bear but do no damage.
The black bear is almost dead.
The black bear bites you.
* * * LOW HITPOINT WARNING * * *
The black bear claws you.
You die...

........# ####
###.###.# # #.#
#.########.# #.#
#...........
#.###.########..
#.....# #
#.###.#
########.###.#
#....h@......#
#.######.###.#
... ....... ###.
#.#.... #.
#.#.#.# .. ... .
# ## #.# . .# .#


You could see a black bear (berserk).

Vanquished Creatures
  A black bear (D:4)
  An iguana (D:4)
  5 adders
  3 worms
  7 orcs
  4 bats
  9 endoplasms
  A giant cockroach (D:1)
  12 goblins
  6 hobgoblins
  11 jackals
  3 kobolds
  A quokka (D:4)
  6 ball pythons
  3 frilled lizards
  4 rats
77 creatures vanquished.

Notes
Turn   | Place    | Note
-------+----------+-------------------------------------------
     0 | D:1      | Kazon the Hill Orc Monk began the quest for the Orb.
     0 | D:1      | Reached XP level 1. HP: 19/19 MP: 1/1
    45 | D:1      | Identified a scroll of acquirement
    45 | D:1      | Acquired the +3 plate armour of Trial and Error {+Blink
                  | Regen+}
    69 | D:1      | Reached XP level 2. HP: 14/27 MP: 2/2
   387 | D:1      | Reached XP level 3. HP: 33/33 MP: 3/3
   875 | D:2      | Reached skill level 5 in Axes
   984 | D:2      | Reached XP level 4. HP: 41/41 MP: 4/4
  1411 | D:2      | Reached skill level 1 in Shields
  1775 | D:3      | Found a blossoming altar of Fedhas.
  1790 | D:3      | Reached XP level 5. HP: 47/47 MP: 5/5
  1891 | D:3      | Reached skill level 1 in Armour
  1906 | D:3      | Found a stormy altar of Qazlal.
  2066 | D:3      | Identified the +2 sling "Qeuhanocyt" {speed, rElec Str-3
                  | Dex+2}
  2083 | D:3      | Found a faded altar of an unknown god.
  2151 | D:4      | Found a staircase to the Ecumenical Temple.
  2180 | D:5      | Entered Level 5 of the Dungeon
  2261 | D:6      | Became a worshipper of Beogh the Brigand
  2261 | D:6      | Reached * piety under Beogh
  2261 | D:6      | Reached ** piety under Beogh
  2359 | D:4      | Noticed a black bear
  2384 | D:4      | Killed a black bear
  2385 | D:4      | Reached skill level 6 in Axes
  2385 | D:4      | Reached skill level 1 in Invocations
  2385 | D:4      | Reached XP level 6. HP: 44/53 MP: 6/6
  2401 | D:4      | Found a hazy altar of Hepliaklqana.
  2402 | D:4      | Found a shadowy altar of Dithmenos.
  2402 | D:4      | Noticed a shadow
  2465 | D:4      | Noticed a black bear
  2487 | D:4      | HP: 2/53 [black bear (5)]
  2487 | D:4      | Slain by a black bear

Illustrated notes

Levels and vault maps discovered:
D:1:      ebering_trefoil_3fold, layout_basic, st_stairs_14, serial_bayou_ford_a
D:2:      layout_basic, hangedman_decor_growths, minmay_close_crescents
D:3:      layout_rooms, mainiacjoe_overflow_concentric_impassable,
          mainiacjoe_overflow_paths, shapermc_ecumenical_altar_acropolis,
          chequers_serial_rivers_micro_b
D:4:      layout_basic, riverfiend_overflow_shadow_ancestor,
          minmay_temple_entry_glass, uniq_sigmund
D:5:      layout_gridville
D:6:      layout_basic, xom_teletrap_fun, uniq_duvessa

Skill      XL: |  1  2  3  4  5 |
---------------+----------------+-----
Fighting       | 4 |  4.6
Axes           | 5 6 |  6.5
Shields        | 1 2 |  2.1
Armour         | 1 |  1.5
Invocations    | 1 |  1.1
Throwing       | |  0.2
Dodging        | |  2.7
Stealth        | |  0.1
Evocations     | |  0.8

Action                     |  1- 3 |  4- 6 || total
---------------------------+-------+-------++-------
  Melee: Hand axe          |   117 |   194 ||   311
  Throw: Stone             |       |    13 ||    13
 Invoke: Convert to Beogh  |       |     1 ||     1
  Evoke: Wand              |       |     4 ||     4
    Use: Scroll            |     2 |       ||     2
 Armour: Robe              |     3 |       ||     3
         Plate armour      |    64 |   167 ||   231
  Dodge: Dodged            |    15 |     4 ||    19
  Block: Tower shield      |    29 |   150 ||   179
